 Dungeon Crawl Stone Soup version 0.25-a0-258-g6d7e32a812 (webtiles) character file.

Game seed: 4665673067632389067, levelgen mode: deterministic

340 mwcat2000 the Caller (level 6, -4/46 HPs)
             Began as a Demonspawn Wizard on Dec 6, 2019.
             Slain by a centaur
             ... wielding a cursed +0 shortbow
              (7 damage)
             ... on level 3 of the Dungeon.
             The game lasted 00:43:29 (3915 turns).

mwcat2000 the Caller (Demonspawn Wizard)            Turns: 3915, Time: 00:43:29

Health: -4/46      AC:  5    Str:  7    XL:     6   Next: 30%
Magic:  1/10       EV: 13    Int: 20    God:
Gold:   149        SH:  0    Dex: 13    Spells: 3/11 levels left

rFire    . . .     SeeInvis .   h - +0 dagger (freeze)
rCold    . . .     Gourm    .   (no shield)
rNeg     . . .     Faith    .   a - +0 robe
rPois    .         Spirit   .   b - +0 hat
rElec    .         Reflect  .   E - +1 cloak
rCorr    .         Harm     .   (no gloves)
MR       .....                  j - +0 pair of boots (curse)
Stlth    ++........             (no amulet)
HPRegen  0.15/turn              p - +1 ring of slaying
MPRegen  0.12/turn              (no ring)

@: very slightly contaminated
A: powered by death 1, spiny 1
a: no special abilities


You were on level 3 of the Dungeon.
You were not hungry.

You visited 1 branch of the dungeon, and saw 3 of its levels.

You collected 149 gold pieces.

Inventory:

Hand Weapons
 f - a +0 dagger
 h - a +0 dagger of freezing (weapon)
 r - a +1 short sword of flaming
 t - a +0 hunting sling
 C - a cursed -1 war axe
 D - a +1 antimagic halberd
Missiles
 c - 64 stones (quivered)
 i - 20 sling bullets
 n - 9 bolts
 s - 19 arrows
 A - 6 boomerangs
Armour
 a - a +0 robe (worn)
 b - a +0 hat (worn)
 j - a cursed +0 pair of boots (worn)
 k - a +0 ring mail
 m - a +0 cloak
 x - a +0 leather armour
 E - a +1 cloak (worn)
Jewellery
 p - a +1 ring of slaying (left hand)
Scrolls
 e - 3 scrolls of identify {unknown}
 g - 2 scrolls of teleportation {unknown}
 q - 4 scrolls of remove curse {unknown}
 u - 2 scrolls of enchant weapon {unknown}
 w - a scroll of amnesia {unknown}
 y - a scroll of fog {unknown}
Potions
 l - 2 potions of mutation {unknown}
 o - a potion of resistance {unknown}
 v - 2 potions of flight {unknown}
 B - a potion of haste {unknown}
Comestibles
 d - 6 rations
 z - 3 chunks of flesh


   Skills:
 * Level 2.8 Fighting
 - Level 1.6 Short Blades
 + Level 2.7 Dodging
 - Level 2.1 Stealth
 - Level 3.0 Spellcasting
 - Level 1.0 Conjurations
 - Level 4.3 Summonings
 + Level 0.9 Translocations


You had 3 spell levels left.
You knew the following spells:

 Your Spells              Type           Power        Failure   Level  Hunger
a - Magic Dart            Conj           #...         10%         1    None
b - Call Imp              Summ           ###.....     3%          2    ##.....
c - Blink                 Tloc           N/A          14%         2    ##.....
d - Mephitic Cloud        Conj/Pois/Air  #.......     36%         3    ###....

Your spell library contained the following spells:

 Spells                   Type           Power        Failure   Level  Hunger
 Slow                     Hex            #.......     22%         2    ##.....
 Conjure Flame            Conj/Fire      #.......     34%         3    ###....


Dungeon Overview and Level Annotations

Branches:
Dungeon (3/15)

Altars:
Trog
Wu Jian


Innate Abilities, Weirdness & Mutations

You regenerate a little health from kills.
You are partially covered in sharp spines.


Message History

Your shadow imp dies!
The centaur shoots an arrow.
The arrow completely misses you.
You see here an arrow.
The centaur shoots an arrow.
The arrow closely misses you.
You see here 2 arrows.
There is an open door here.
The centaur shoots an arrow.
The arrow hits you.
* * * LOW HITPOINT WARNING * * *
You see here an arrow.
You open the door.
There is an open door here.
The centaur shoots an arrow.
The arrow closely misses you.
You see here an arrow.
Casting: Call Imp (safe; 3% risk of failure)
Confirm with . or Enter, or press ? or * to list all spells.
You blink.
The centaur barely misses you.
You hit the centaur. You freeze the centaur.
The centaur is almost dead.
The centaur hits you with a cursed +0 shortbow!
You die...

#.##...#.......####.#.###.....#
###'##...#.......#....#.# #####.#
.........#.8...8.###..#.# #.#
......#####.....##....#.# #.#
......# ##...##.....#.# #.#
......######...)......#'### #.#
.......(c.(.(('...........# #.#
......#########c..........# #..
###############.@...#.....#######
#..........###'#.............#.
#........<.# #.#.##..........#.
#..........# #§#)##..........#5
#......÷...# #.#'##..........'.
###..........# #....##.........##
..'..........# #....##.........#
###..........# #....###'########
..'.[........# #....# #.#


You could see a centaur.

Vanquished Creatures
  2 eyes of draining (D:3)
  An iguana (D:3)
  A leopard gecko (D:2)
  3 orcs (D:2)
  5 bats
  2 giant cockroaches (D:2)
  7 hobgoblins
  3 jackals
  A quokka (D:3)
  2 frilled lizards
  7 goblins
  4 kobolds
  6 rats
44 creatures vanquished.

Vanquished Creatures (collateral kills)
  An eye of draining (D:3)
  An orc priest (D:3)
  A gnoll (D:3)
  4 worms
  A leopard gecko (D:3)
  10 orcs (D:3)
  4 goblins
  A hobgoblin (D:3)
  3 jackals (D:2)
  A ball python (D:2)
  3 kobolds
30 creatures vanquished.

Grand Total: 74 creatures vanquished

Notes
Turn   | Place    | Note
-------+----------+-------------------------------------------
     0 | D:1      | mwcat2000 the Demonspawn Wizard began the quest for the
                  | Orb.
     0 | D:1      | Reached XP level 1. HP: 13/13 MP: 4/4
   665 | D:1      | Reached skill level 1 in Fighting
   665 | D:1      | Gained mutation: You regenerate a little health from kills.
                  | [demonic ancestry]
   665 | D:1      | Reached XP level 2. HP: 20/21 MP: 3/6
   743 | D:1      | Learned a level 2 spell: Call Imp
   746 | D:1      | Learned a level 2 spell: Blink
  1431 | D:2      | Reached XP level 3. HP: 27/27 MP: 3/7
  1722 | D:2      | Learned a level 3 spell: Mephitic Cloud
  2118 | D:3      | Reached skill level 1 in Short Blades
  2625 | D:3      | Reached XP level 4. HP: 33/33 MP: 0/8
  2698 | D:3      | Found an ornate altar of the Wu Jian Council.
  2864 | D:3      | Noticed an eye of draining
  2865 | D:3      | Found a bloodstained altar of Trog.
  3129 | D:3      | Reached skill level 2 in Summonings
  3231 | D:3      | Noticed an eye of draining
  3246 | D:3      | Killed an eye of draining
  3246 | D:3      | Reached skill level 3 in Summonings
  3246 | D:3      | Reached XP level 5. HP: 38/38 MP: 1/9
  3255 | D:3      | Noticed an eye of draining
  3295 | D:3      | Killed an eye of draining
  3338 | D:3      | Killed an eye of draining
  3338 | D:3      | Reached skill level 4 in Summonings
  3338 | D:3      | Gained mutation: You are partially covered in sharp spines.
                  | [demonic ancestry]
  3338 | D:3      | Reached XP level 6. HP: 46/46 MP: 1/10
  3903 | D:3      | HP: 2/46 [centaur/arrow (8)]
  3908 | D:3      | HP: 2/46 [centaur/arrow (1)]
  3915 | D:3      | Slain by a centaur

Levels and vault maps discovered:
D:1:      minmay_arrival_shoal_huts, layout_basic, minmay_cut_off
D:2:      layout_loops_cross
D:3:      layout_basic, lemuel_doored_altar, trog_eyes_of_draining

Skill      XL: |  1  2  3  4  5 |
---------------+----------------+-----
Stealth        | 2 |  2.1
Fighting       | 1 2 |  2.8
Dodging        | 2 |  2.7
Short Blades   | 1 |  1.6
Summonings     | 3 4 |  4.3
Spellcasting   | |  3.0
Conjurations   | |  1.0
Translocations | |  0.9

Action                   |  1- 3 |  4- 6 || total
-------------------------+-------+-------++-------
Melee: Dagger            |    85 |    76 ||   161
 Cast: Magic Dart        |    37 |     9 ||    46
       Call Imp          |    23 |    30 ||    53
       Blink             |       |     3 ||     3
 Stab: Sleeping          |     1 |     1 ||     2
  Eat: Chunk             |     6 |     6 ||    12
Armor: Robe              |    15 |     4 ||    19
Dodge: Dodged            |    57 |    32 ||    89

Table legend:
 A = Non-vault XP
 B = Vault XP
 C = Vault XP percentage of total XP
 D = Non-vault monster count
 E = Vault monster count
 F = Vault count percentage of total count
                 A         B        C        D         E       F
            +---------+---------+-------+---------+---------+-------
      Total |     151 |     336 |  69.0 |      65 |       9 |  12.2
            +---------+---------+-------+---------+---------+-------
        D:1 |      20 |       7 |  25.9 |      13 |       4 |  23.5
        D:2 |      45 |       0 |   0.0 |      26 |       0 |   0.0
        D:3 |      86 |     329 |  79.3 |      26 |       5 |  16.1
            +---------+---------+-------+---------+---------+-------
